 Dungeon Crawl Stone Soup version 0.32-a0-960-g3814254bd7 (webtiles) character file.

Game seed: 2713869360961988946

38 Dirtsage the Digger (level 3, -1/24 HPs)
             Began as a Demonspawn Earth Elementalist on Apr 17, 2024.
             Slain by a goblin
             ... wielding a +0 dagger
             ... led by Robin
              (3 damage)
             ... on level 2 of the Dungeon.
             The game lasted 00:03:12 (906 turns).

Dirtsage the Digger (Demonspawn Earth Elementalist)  Turns: 906, Time: 00:03:13

Health: -1/24      AC:  6    Str:  8    XL:     3   Next: 25%
Magic:  6/6        EV:  9    Int: 17    God:
Gold:   41         SH:  0    Dex: 13    Spells: 5/6 levels left

rFire   . . .        (no weapon)
rCold   . . .        k - orb {light}
rNeg    . . .        h - +0 ring mail
rPois   .            (no helmet)
rElec   .            (no cloak)
rCorr   .            (no gloves)
SInv    .            (no boots)
Will    .....        (no amulet)
Stlth   +            (no ring)
HPRegen 0.24/turn    (no ring)
MPRegen 0.10/turn

%: no passive effects
@: glowing
A: sharp scales 1, weakness stinger 1
a: no special abilities


You were on level 2 of the Dungeon.
You visited 1 branch of the dungeon, and saw 2 of its levels.

You collected 41 gold pieces.

Inventory:

Missiles
 d - 2 curare-tipped darts
Armour
 a - a +0 robe
 h - a +0 ring mail (worn)
 k - an orb of light (worn)
Scrolls
 c - a scroll of poison {unknown}
 f - a scroll of silence {unknown}
 g - a scroll of revelation {unknown}
 i - a scroll of immolation {unknown}
 j - a scroll of teleportation {unknown}


   Skills:
 - Level 1.7 Dodging
 - Level 1.7 Stealth
 - Level 2.0 Spellcasting
 + Level 2.3 Conjurations
 + Level 3.4 Earth Magic


You had 5 spell levels left.
You knew the following spells:

 Your Spells              Type           Power      Damage    Failure   Level
a - Sandblast             Erth           26%        2d8       16%         1

Your spell library contained the following spells:

 Spells                   Type           Power      Damage    Failure   Level
 Passwall                 Erth           13%        N/A       41%         3
 Stone Arrow              Conj/Erth      22%        3d8       50%         3
 Brom's Barrelling Bould  Conj/Erth      11%        2d3       88%         4
 Petrify                  Alch/Erth      7%         N/A       96%         4


Dungeon Overview and Level Annotations

Branches:
Dungeon (2/15)

Altars:

Annotations:
D:2 Robin


Innate Abilities, Weirdness & Mutations

You are partially covered in razor-sharp scales. (AC +1, Slay +1)
You have a small tail.


Message History

You take 3 damage, and have 12/24 hp.
You completely miss the goblin.
Your tail-slap misses the goblin.
The goblin closely misses you. The goblin hits you but does no damage.
The rat barely misses you.
You don't have enough magic to cast this spell.
You don't have enough magic to cast this spell.
You hit the goblin.
The goblin is heavily wounded.
The goblin hits you with a +0 club. The goblin closely misses you.
Robin roars a battlecry!
The goblins go into a battle-frenzy!
The rat barely misses you.
You take 1 damage, and have 12/24 hp.
You closely miss the goblin.
The goblin is heavily wounded.
The goblin hits you but does no damage. The goblin hits you with a +0 club.
* * * LOW HITPOINT WARNING * * *
The rat bites you.
* * * LOW HITPOINT WARNING * * *
You take 6 damage, and have 6/24 hp.
MASSIVE DAMAGE!!
You hit the goblin.
You kill the goblin!
The goblin barely misses you. The rat bites you but does no damage.
The goblin hits you with a +0 dagger.
* * * LOW HITPOINT WARNING * * *
Robin throws the goblin at you!
You see here a +0 club.
You take 4 damage, and have 2/24 hp.
Okay, then.
Aiming: Sandblast (safe; 16% risk of failure)
Press: ? - help, Q - select action, (/) - cycle Shift-Dir - straight line, f - goblin
Aim: a goblin, wielding a +0 club (strong, haloed, 83% to hit)
The blast of sand hits the goblin!
You kill the goblin!
The goblin hits you but does no damage.
You now have 0/6 mp.
You don't have enough magic to cast this spell.
You don't have enough magic to cast this spell.
Magic courses through your body. The goblin hits you with a +0 dagger.
You die...

#.####### ....#
#...@gr# ....#
#.#####g# ###
#...### #?# #..
...... #g# #.#
#...# #)# #.#
#...#
#g###.####...##.
#...gwgrg.......
#####gS#....))..
#....##...#.


You could see 2 goblins and a rat.

Vanquished Creatures
  An adder (D:2)
  A dart slug (D:1)
  A ribbon worm (D:2)
  2 endoplasms (D:1)
  9 goblins
  A hobgoblin (D:2)
  4 bats (D:1)
  A frilled lizard (D:1)
  3 rats (D:1)
23 creatures vanquished.

Notes
Turn   | Place    | Note
-------+----------+-------------------------------------------
     0 | D:1      | Dirtsage the Demonspawn Earth Elementalist began the quest
                  | for the Orb.
     0 | D:1      | Reached XP level 1. HP: 13/13 MP: 3/3
   325 | D:1      | Reached skill level 3 in Earth Magic
   336 | D:1      | Gained mutation: You have a small tail. [demonic ancestry]
   336 | D:1      | Reached XP level 2. HP: 19/19 MP: 0/5
   839 | D:2      | Noticed Robin
   895 | D:2      | Gained mutation: You are partially covered in razor-sharp
                  | scales. (AC +1, Slay +1) [demonic ancestry]
   895 | D:2      | Reached XP level 3. HP: 18/24 MP: 0/6
   906 | D:2      | Slain by a goblin

Illustrated notes

Levels and vault maps discovered:
D:1:      dpeg_arrival_oval, layout_basic
D:2:      layout_loops_ring, dreamdust_ecumenical_altar_angels_and_demons,
          uniq_robin, uniq_sigmund, uniq_terence, uniq_natasha

Skill      XL: |  1  2 |
---------------+-------+-----
Earth Magic    | 3 |  3.4
Conjurations   | 2 |  2.3
Dodging        | |  1.7
Stealth        | |  1.7
Spellcasting   | |  2.0

Action                     || total
---------------------------++-------
  Melee: Unarmed           ||    28
         Tailslap          ||     6
  Throw: Dart              ||     2
   Cast: Sandblast         ||    23
    Use: Potion            ||     2
 Armour: Robe              ||     4
         Ring mail         ||    38
  Dodge: Dodged            ||    29

Table legend: (Time is in decaauts)
 A = Elapsed time spent in this place.
 B = Non-inter-level travel time spent in this place.
 C = Inter-level travel time spent in this place.
 D = Time resting spent in this place.
 E = Time spent auto-exploring this place.
 F = Levels seen in this place.
 G = Mean time per level.
                   A        B        C        D        E       F      G
               +--------+--------+--------+--------+--------+-----+--------+
         Total |    917 |    873 |     44 |      0 |    701 |   2 |  458.5 |
       Dungeon |    917 |    873 |     44 |      0 |    701 |   2 |  458.5 |
               +--------+--------+--------+--------+--------+-----+--------+

Top non-repeatable levels by time:
     D:1: 845 daAuts
     D:2: 71 daAuts
